[Event "GCT Superbet Romania 2022"]
[Site "Bucharest"]
[Date "2022.05.08"]
[Round "4.4"]
[White "Vachier-Lagrave, Maxime"]
[Black "Caruana, Fabiano"]
[Result "1-0"]
[ECO "C82"]
[WhiteElo "2750"]
[BlackElo "2786"]
[Annotator "TA"]
[PlyCount "77"]
[EventDate "2022.05.05"]
[EventType "tourn"]
[EventCountry "ROU"]
[SourceTitle "playchess.com"]
[Source "ChessBase"]
[SourceQuality "1"]
[TimeControl "40/5400+30:1800+30"]

1. e4 e5 2. Nf3 Nc6 3. Bb5 a6 4. Ba4 Nf6 5. O-O Nxe4 6. d4 b5 7. Bb3 d5 8. dxe5 Be6 9. c3 Bc5 10. Nbd2 O-O 11. Bc2 {[%emt 0:00:04] C82: Open Ruy Lopez: 9 c3 without 9...Be7.} Nxf2 12. Rxf2 Bxf2+ 13. Kxf2 {[%emt 0:00:04] The position is equal.} f6 14. Nf1 $1 {[%emt 0:01:04][%mdl 4] is currently scoring better than 14.exf6.} fxe5 {[%emt 0:00:38] White must now prevent ...e4.} 15. Kg1 {[%emt 0:00:04][%cal Oc2h7] Strongly threatening Bxh7+!} Qd7 $132 {[%emt 0:00:22][%mdl 2048] Black has counterplay} 16. Bg5 Rae8 {[%emt 0:00:38] [#]} 17. Qd2 $146 ({Predecessor:} 17. Bh4 d4 18. Ng3 Bd5 19. Ne4 Rf4 20. Qe1 Ref8 21. Bg3 Rxf3 22. gxf3 Rxf3 23. Ng5 Rf5 24. Ne4 Rf3 25. Ng5 Rf5 26. Ne4 {½-½ (26) Chen,Q (2479)-Bai,J (2600) Liaocheng 2021}) 17... d4 (17... e4 $5 18. Nd4 Ne5 $11) 18. Ng3 (18. Qd3 Bf5 19. Bb3+ Kh8 $17) 18... h6 $1 19. Bh4 dxc3 20. Qxc3 {[%emt 0:07:14] Hoping for Rd1.} Rxf3 $2 21. gxf3 $16 {[%emt 0:02:25] Black is on the road to losing.} Nd4 {[%emt 0:00:20] Prevents Ne2.} 22. Bd1 Rf8 {[%emt 0:09:52] ...Bd5 is the strong threat.} (22... g5 $2 23. Ne4 $1 Qg7 24. Bg3 $18) 23. Ne4 Bc4 {[%emt 0:00:06] Threatens to win with ...Qh3.} 24. Kg2 {[%emt 0:08:39] Inhibits Qh3+.} (24. b3 $2 Be2 25. Bf2 (25. Kh1 $2 Rxf3 26. Bxe2 Rxc3 $19) 25... Qh3 $19) 24... Rf4 25. Be1 (25. Bg3 $2 Qh3+ $3 26. Kf2 Qf1+ 27. Ke3 Rxf3+ 28. Bxf3 Qxf3+ 29. Kd2 Qe2+ 30. Kc1 Qxe4 $19) 25... Qf5 {[%emt 0:08:23] aiming for ...Rxe4.} 26. Nd2 e4 (26... Qg5+ $16 {might work better.} 27. Bg3 (27. Kh1 Bd5 $16) 27... Bd5) 27. Bg3 $1 $18 (27. Nxc4 $2 exf3+ 28. Kg1 Qg4+ 29. Kf2 (29. Bg3 $2 f2+ 30. Kh1 f1=Q#) 29... Qh3 $19) (27. Nxe4 $2 Rxe4 28. a3 (28. fxe4 Qf1+ 29. Kg3 Qg1+ 30. Kh4 Qg5+ 31. Kh3 Bf1#) 28... Ne2 $1 29. fxe4 Qg6+ 30. Bg3 Nxc3 31. bxc3 Qxe4+ 32. Bf3 Qc2+ 33. Bf2 Qxc3 $19) 27... exf3+ 28. Kf2 $1 ({Not} 28. Nxf3 $2 {[#]} Qh3+ $3 29. Kf2 Qf1+ 30. Ke3 b4 $1 $19 ) (28. Bxf3 $2 Rxf3 $1 29. Qxd4 (29. Nxf3 $2 {loses.} Nxf3 30. Rd1 Ng5 $19) 29... Bd5 30. Qxd5+ (30. Kg1 Rd3 $17) 30... Qxd5 $17) 28... Rg4 29. Nxc4 {[%emt 0:02:47] Dancing on a razor blade.} bxc4 30. Bxf3 Nxf3 31. Qxf3 Qc2+ 32. Qe2 Qf5+ 33. Kg1 h5 (33... Re4 $142 34. Qf2 Qd5) 34. Rf1 Qg6 35. Kh1 h4 36. Bxc7 h3 37. Qf3 Qd3 $2 (37... Rg5 38. Bg3 Qc2 39. Qf8+ Kh7) 38. Be5 Rg2 39. Bc3 {[%emt 0:01:07] Weighted Error Value: White=0.07 (flawless) /Black=0.30} 1-0

[Event "GCT Superbet Romania 2022"]
[Site "Bucharest"]
[Date "2022.05.08"]
[Round "4.5"]
[White "Dominguez Perez, Leinier"]
[Black "Aronian, Levon"]
[Result "0-1"]
[ECO "C24"]
[WhiteElo "2753"]
[BlackElo "2765"]
[Annotator "TA"]
[PlyCount "128"]
[EventDate "2022.05.05"]
[EventType "tourn"]
[EventCountry "ROU"]
[SourceTitle "playchess.com"]
[Source "ChessBase"]
[SourceQuality "1"]
[TimeControl "40/5400+30:1800+30"]

1. e4 e5 2. Nf3 Nc6 3. Bc4 Bc5 4. O-O Nf6 5. d3 O-O 6. h3 d5 7. exd5 Nxd5 8. Nbd2 {[%emt 0:00:14] [#] C24: Bishop's Opening: 2...Nf6.} a5 $146 ({Predecessor:} 8... Be6 9. Ne4 Bb6 10. a4 f6 11. b4 a6 12. a5 Ba7 13. Bd2 Kh8 14. Re1 Nce7 15. Nc5 Bxc5 16. bxc5 {1-0 (48) Nepomniachtchi,I (2773)-Abdusattorov,N (2651) chess24.com INT 2022}) 9. Ne4 Bb6 10. c3 {[%emt 0:00:09] The position is equal.} f6 11. d4 exd4 12. Re1 Kh8 13. cxd4 Bf5 14. Ng3 (14. a3 $11) 14... Bg6 $15 15. Nh4 Bf7 ({Resist} 15... Bxd4 16. Nxg6+ hxg6 17. Qg4 $18) 16. Ngf5 Re8 17. Rxe8+ Qxe8 18. Qg4 $1 Qf8 19. Bd2 Rd8 20. Re1 Nde7 21. Bxf7 Qxf7 22. Bc3 Nxf5 23. Nxf5 g6 24. Nh6 Qf8 $36 {[%emt 0:02:23][%cal Rb6d4][%mdl 2048] Black is pushing.} (24... Qxa2 $2 25. d5 Nd4 26. Bxd4 $18) 25. d5 Nb4 (25... Rxd5 $2 26. Re8 $3 Kg7 27. Rxf8 $18) 26. Qe6 Kg7 27. Bxb4 axb4 28. Ng4 Qf7 29. Qe4 Rxd5 {[%emt 0:00:17] Strongly threatening ...f5.} 30. Qf4 Bc5 31. Qh6+ Kh8 32. Qf4 Rd8 (32... Bd4 $17 33. Ne3 Rd7) 33. b3 (33. Nh6 $1 $11 {keeps the balance.} Qg7 34. Qc4 Bxf2+ 35. Kf1 Qxh6 36. Qxc7) 33... Bd4 $17 34. Ne5 Qg7 35. Nf3 Bc5 36. g3 b6 37. Re6 Bd6 38. Qd4 Rf8 39. h4 h5 (39... Bc5 $17 40. Qe4 Qf7) 40. Kg2 ({White should play} 40. Qd5 $15) 40... Kh7 (40... Bc5 $17 41. Qf4 Kh7) 41. Qd5 $15 Qg8 42. Qe4 Qf7 43. Nd4 Bc5 44. f4 $2 {[%emt 0:11:02] [#] This move loses the game for White.} ({White should try} 44. Ne2 $1 $15) 44... Rd8 $1 $19 (44... Bxd4 45. Re7 c5 46. g4 $16 (46. Rxf7+ Rxf7 47. f5 gxf5 $14)) 45. Nf3 Kg7 46. f5 {[%emt 0:00:06] [#]} gxf5 47. Qxf5 Qg6 {[%emt 0:00:18] Against g4} 48. Qxg6+ Kxg6 {[%emt 0:00:36][%mdl 4096] Endgame KRB-KRN} 49. Re2 (49. Re4 $142) 49... Rd3 50. Ne1 Rc3 51. Rc2 $2 (51. Rd2) 51... Rxc2+ 52. Nxc2 {[%emt 0:00:01] KB-KN} f5 53. Kf3 Kf6 54. Ne1 b5 55. Nd3 Bd6 56. Nc1 Ke5 57. Ne2 Kd5 58. Ke3 c5 59. Kf3 c4 60. Ke3 Bc5+ $2 (60... Bc7 61. Kf3 Bd6) 61. Kf4 $2 (61. Kf3 Bd6 62. Ke3) 61... c3 {[%emt 0:01:16] ...c2 is the strong threat.} 62. Kxf5 Be3 {[%emt 0:00:29] Black mates.} 63. a3 Bd2 64. axb4 c2 {[%emt 0:00:03] Weighted Error Value: White=0.69/Black=0.13 (very precise)} 0-1

[Event "GCT Superbet Romania 2022"]
[Site "Bucharest"]
[Date "2022.05.09"]
[Round "5.1"]
[White "Aronian, Levon"]
[Black "So, Wesley"]
[Result "1/2-1/2"]
[ECO "A30"]
[WhiteElo "2765"]
[BlackElo "2766"]
[Annotator "TA"]
[PlyCount "78"]
[EventDate "2022.05.05"]
[EventType "tourn"]
[EventCountry "ROU"]
[SourceTitle "playchess.com"]
[Source "ChessBase"]
[SourceQuality "1"]
[TimeControl "40/5400+30:1800+30"]

1. c4 c5 2. g3 Nc6 3. Bg2 Nf6 4. Nf3 d5 5. cxd5 Nxd5 6. d4 cxd4 7. Nxd4 Ndb4 8. Nxc6 Qxd1+ 9. Kxd1 Nxc6 10. Bxc6+ bxc6 11. Be3 e5 {[%emt 0:06:58] A30: Symmetrical English: Double Fianchetto and Hedgehog.} 12. f3 Be6 13. Ke1 {[%emt 0:00:23] [#]} a5 $146 ({Predecessor:} 13... Be7 14. Kf2 Rb8 15. b3 Bf6 16. Nd2 e4 17. Rac1 exf3 18. exf3 Bd5 19. Bc5 Rb7 {1-0 (65) Kurajica,B (2510)-Farago,I (2505) Sarajevo 1983}) 14. Kf2 Bb4 15. Rc1 Kd7 16. Nd2 Bxd2 17. Bxd2 Rhb8 18. Bc3 f6 19. f4 exf4 20. gxf4 Bd5 21. Rg1 Rg8 22. Rg3 Ke6 23. Rag1 g6 24. Rh3 Kf5 25. Rxh7 Rh8 26. Re7 Rxh2+ 27. Ke1 Rhh8 ({Of course not} 27... Bxa2 28. e4+ Kxf4 29. Bd2+ Kf3 30. Rf1+ Kg2 31. Rxf6 Rh1+ 32. Ke2 Bc4+ 33. Ke3 Rh3+ 34. Kd4 Rd8+ 35. Kxc4 $11) 28. Rg7 {[%emt 0:04:54] The position is equal.} Rhg8 29. R1xg6 Rxg7 30. Rxg7 Bxa2 $11 {[%emt 0:00:04][%mdl 4096] Endgame KRB-KRB} 31. e3 a4 32. Bd4 a3 33. bxa3 Rxa3 34. Ra7 Rxa7 35. Bxa7 Ke4 36. Bd4 Be6 37. Bxf6 Kxe3 38. Be7 c5 39. Bxc5+ Kxf4 {[%emt 0:00:05] An even fight not without its subleties.  Weighted Error Value: White=0.03 (flawless) /Black=0.04 (flawless)} 1/2-1/2

[Event "GCT Superbet Romania 2022"]
[Site "Bucharest"]
[Date "2022.05.09"]
[Round "5.2"]
[White "Nepomniachtchi, Ian"]
[Black "Vachier-Lagrave, Maxime"]
[Result "1/2-1/2"]
[ECO "B55"]
[WhiteElo "2773"]
[BlackElo "2750"]
[Annotator "TA"]
[PlyCount "84"]
[EventDate "2022.05.05"]
[EventType "tourn"]
[EventCountry "ROU"]
[SourceTitle "playchess.com"]
[Source "ChessBase"]
[SourceQuality "1"]
[TimeControl "40/5400+30:1800+30"]

1. e4 c5 2. Nf3 d6 3. d4 cxd4 4. Nxd4 Nf6 5. Bb5+ Bd7 6. c4 {[%emt 0:00:53] B55: Sicilian: 2...d6 3 d4 cxd4 4 Nxd4 Nf6 5 f3.} Nc6 (6... e5 $5 7. Nb3 (7. Bxd7+ Nbxd7 8. Nb5 Nxe4 $11) 7... Nc6 $11) 7. Nc3 g6 8. h3 {[%emt 0:00:10] White has an edge. now supersedes 8.0-0.} Nxd4 9. Bxd7+ Qxd7 10. Qxd4 Bg7 11. Be3 O-O 12. Qd3 $1 Qc6 13. Bd4 {[%emt 0:00:13] [#]} a6 $146 ({Predecessor:} 13... Nd7 14. Nd5 Rfe8 15. Bxg7 Kxg7 16. Qd4+ {½-½ (16) Vedmediuc,S (2459)-Szabo,G (2553) Bucharest 2012}) 14. Nd5 Nxd5 15. exd5 Qd7 16. Bxg7 Kxg7 17. O-O b5 18. b4 Qf5 19. Qe2 bxc4 20. Qxc4 Rfc8 21. Qd4+ Qf6 22. Qe4 Rc3 23. Rac1 Rac8 (23... Ra3 $1 $15 {was preferrable.}) 24. Rxc3 $11 Qxc3 25. Qxe7 ({White should try} 25. Rb1 $1 $11) 25... Qxb4 {[%emt 0:00:28][%mdl 4096] Endgame KQR-KQR} 26. Qe2 {[%emt 0:00:14] Prevents Rc2.} a5 27. Rd1 a4 28. g3 a3 29. Kg2 Rc3 30. h4 h5 31. Rd2 Rc1 (31... Qb1 $15) 32. Qd3 Rc3 ({Black should play} 32... Qc3 $11) 33. Qe2 $1 $15 Qb1 34. Rd1 Qf5 {[%emt 0:01:08] [#] White must now prevent ...Rc2.} 35. Rd2 {[%emt 0:02:42] Inhibits Rc2.} Rc1 (35... Kh8 $15) 36. Qe3 $11 Qb1 37. Qd4+ Kg8 38. Re2 {[%emt 0:00:29] [#] White wants to mate with Re8+.} Rg1+ 39. Kh2 $1 ({Much weaker is} 39. Kf3 Qf5+ 40. Ke3 Rc1 $17) 39... Rh1+ (39... Re1 $5 40. Rd2 (40. Rxe1 $2 Qxe1 41. Qe3 Qb4 $19) 40... Qb5 $11) 40. Kg2 {[%emt 0:00:00] Threatening mate with Re8+.} Rg1+ 41. Kh2 $1 {[%emt 0:00:07] Intending Re8+ and mate.} ({Of course not} 41. Kf3 Qf5+ 42. Ke3 Rc1 $17) 41... Rh1+ (41... Re1 $1 $15 42. Rd2 (42. Rxe1 $2 Qxe1 43. Qe3 Qb4 $19) 42... Qb5) 42. Kg2 {[%emt 0:00:03] White threatens Re8+ and mate.} Rg1+ {[%emt 0:59:10] Weighted Error Value: White=0.05 (flawless) /Black=0.09 (flawless)} 1/2-1/2

[Event "GCT Superbet Romania 2022"]
[Site "Bucharest"]
[Date "2022.05.09"]
[Round "5.3"]
[White "Deac, Bogdan-Daniel"]
[Black "Firouzja, Alireza"]
[Result "1/2-1/2"]
[ECO "E73"]
[WhiteElo "2671"]
[BlackElo "2804"]
[Annotator "TA"]
[PlyCount "135"]
[EventDate "2022.05.05"]
[EventType "tourn"]
[EventCountry "ROU"]
[SourceTitle "playchess.com"]
[Source "ChessBase"]
[SourceQuality "1"]
[TimeControl "40/5400+30:1800+30"]

1. d4 Nf6 2. c4 g6 3. Nc3 Bg7 4. e4 d6 5. Be2 O-O 6. h4 Nc6 {[%emt 0:03:34][%cal Bb8c6,Bc6e5,Be5g4][%mdl 32] E73: King's Indian: Averbakh Variation without 6...c5.} 7. d5 Ne5 8. h5 c6 {[%emt 0:01:45] White has an edge.} 9. h6 Bh8 10. Nf3 {[%emt 0:00:05] [#]} Neg4 $146 ({Predecessor:} 10... Nxf3+ 11. Bxf3 Nd7 12. Be3 c5 13. Be2 Qb6 14. Qd2 Ne5 15. f4 Ng4 16. Bg1 Bd7 {0-1 (37) Aravindh,C (2641)-Adhiban,B (2660) chess24.com INT 2021}) 11. O-O Qb6 12. Qb3 Nh5 13. Nh2 Nhf6 14. Nf3 Nd7 15. Qc2 Nc5 16. Bf4 a5 17. Rae1 f5 18. exf5 Rxf5 (18... Bxf5 $11 19. Qd2 Rae8) 19. Bg5 Qd8 20. Qd2 Qf8 21. Bd1 Rf7 22. b3 {[%emt 0:05:20] Against a4. White is more active.} Nxh6 23. dxc6 (23. Bxh6 Bxc3 24. Qe3 Bg7 25. Bxg7 Qxg7 $11) 23... bxc6 24. Nd4 (24. Na4 $11 Ng4 25. Nxc5 dxc5 26. Bc2) 24... Nf5 $15 25. Nxc6 (25. Nxf5 $1 $15 Bxf5 26. Bf3) 25... Bb7 26. Bf3 Ra6 27. Nxe7+ Nxe7 28. Bxb7 Bxc3 ({Much weaker is} 28... Nxb7 $6 29. Rxe7 Rxe7 30. Bxe7 Qxe7 31. Nd5 $11) 29. Qxc3 Nxb7 30. Re2 {[%emt 0:00:55] [#] Black must now prevent Qe1.} h6 31. Bc1 Ra8 32. Bb2 Kh7 {[%emt 0:00:06] Against Qh8+} 33. Rfe1 Nc5 34. Qd2 Nf5 35. Qd5 h5 36. Bc3 Nd7 37. Re6 (37. Bxa5 $17 {might work better.} Nf6 38. Qd2) 37... Rc8 $19 38. Bxa5 {[%emt 0:00:34] [#]} (38. Bb2 $17) 38... Nf6 (38... Rc5 $1 $19 {[%cal Rc5d5] has better winning chances.} 39. Qd2 Ne5) 39. Qd2 $17 Re8 (39... Qh6 $15 40. Qxh6+ Kxh6) 40. Bc3 ({But not} 40. Qg5 $2 Rxe6 41. Rxe6 Ng7 $19) (40. Rxe8 $11 Nxe8 41. Bc3) 40... Rxe6 41. Rxe6 Nd7 (41... Ng7 $5 42. Re2 (42. Rxd6 $2 Ne4 $19) 42... Ng4 $17) 42. Qg5 {[%emt 0:06:19][%csl Ge6][%cal Rg5g6] The position is equal.} Qg8 43. g4 hxg4 {[%emt 0:01:41][%cal Og4g3] Threatens to win with ...g3!} 44. Qxg4 Ne5 45. Qh3+ Nh6 $1 {[%emt 0:00:05] ...Nf3+ is the strong threat.} 46. Rxd6 Qe8 {[%emt 0:06:06] Strongly threatening ...Nf3+.} 47. Qe6 Re7 48. Qd5 {[%emt 0:00:15] aiming for Rd8.} Nef7 {[%emt 0:00:20] Against Rd8} 49. Rf6 Rd7 50. Qe6 Rd1+ 51. Kg2 Qxe6 52. Rxe6 Nf5 {[%emt 0:00:02] Against Re7} 53. Re1 Rd3 54. Rc1 Ng5 55. Kf1 Ne6 56. Be5 Rd2 57. b4 {[%emt 0:01:30] Against Nc5} Rxa2 58. c5 Ra4 59. c6 Rxb4 60. c7 Nxc7 61. Rxc7+ $11 {[%emt 0:00:10][%mdl 4096] Endgame KRB-KRN} Kg8 62. Bg3 Ra4 63. Kg2 Rb4 64. Ra7 Rc4 65. Rb7 Kf8 66. Ra7 Kg8 67. Rb7 Kf8 68. Ra7 {[%emt 0:00:04] Whites escaped into a draw.  Weighted Error Value: White=0.12 (very precise) /Black=0.09 (flawless)} 1/2-1/2

[Event "GCT Superbet Romania 2022"]
[Site "Bucharest"]
[Date "2022.05.09"]
[Round "5.4"]
[White "Caruana, Fabiano"]
[Black "Mamedyarov, Shakhriyar"]
[Result "1-0"]
[ECO "C42"]
[WhiteElo "2786"]
[BlackElo "2770"]
[Annotator "TA"]
[PlyCount "131"]
[EventDate "2022.05.05"]
[EventType "tourn"]
[EventCountry "ROU"]
[SourceTitle "playchess.com"]
[Source "ChessBase"]
[SourceQuality "1"]
[TimeControl "40/5400+30:1800+30"]

1. e4 e5 2. Nf3 Nf6 3. Nxe5 d6 4. Nf3 Nxe4 5. d4 d5 6. Bd3 Be7 7. O-O Bf5 8. Re1 O-O 9. Nbd2 $1 {[%emt 0:00:21][%cal Rd2e4,Bb1d2,Bd2f1,Bf1h2][%mdl 4] is more profitable than 9.c4 at the moment. C42: Petroff Defence: 3 Nxe5 and unusual White 3rd moves.} Nd6 $1 10. Nf1 Bxd3 11. Qxd3 {[%emt 0:00:06] The position is equal.} c6 12. Bf4 Na6 13. h4 Nc7 14. Ng5 g6 15. Nh2 {[%emt 0:00:49] [#]} (15. Ne3 $5 ) 15... Qd7 $146 {[%emt 0:01:11] Against Ng4} ({Predecessor:} 15... f6 16. Ne6 Nxe6 17. Rxe6 Qd7 18. Rae1 Ne4 19. Rxe7 Qxe7 20. f3 f5 21. Bg5 Qb4 {1-0 (32) Brkic,A (2621)-Matlakov,M (2682) Riga 2021}) 16. h5 Bxg5 17. Bxg5 Rfe8 {[%emt 0:00:10] Inhibits Re7.} 18. hxg6 hxg6 19. Bf6 Rxe1+ 20. Rxe1 Re8 21. Rf1 Na6 (21... Qe6 $11 22. Qf3 (22. Be5 Re7 $11) 22... Qf5) 22. Be5 $1 $16 Qe6 (22... Nc4 $142) 23. f4 Nb8 24. Qa3 Ne4 25. f5 $40 {[%emt 0:02:01][%mdl 128] White mounts an attack.} gxf5 26. Qh3 f6 27. Rxf5 Nd7 (27... fxe5 $2 28. Qg4+ Kh7 29. Rh5+ Qh6 30. Qf5+ Kg7 31. Rxh6 Kxh6 32. Qf7 $18) 28. Bf4 Kf8 29. Qa3+ (29. Qh7 $5 Qf7 30. Qh4 $14) 29... Kg7 30. Rh5 (30. Qh3 Rh8 31. Rh5 Qxh3 32. Rxh3 Rxh3 33. gxh3 Nb6 $11) 30... a6 ({Black should try} 30... Nf8 $14) 31. Qb3 b6 32. Qf3 Rh8 33. Rxh8 Kxh8 34. Qh5+ Kg8 35. Qg6+ (35. Ng4 $1 $16 ) 35... Kf8 $11 36. Ng4 Ke7 (36... Qf7 37. Qf5 $16) 37. Nh6 Kd8 {[%emt 0:01:49] Against Bc7+} 38. Nf7+ Ke7 39. Nh6 Kd8 {[%emt 0:00:02] Against Bc7+} 40. Nf5 (40. Qg7 $5 ) 40... Kc8 (40... Nf8 $11 41. Qg7 Ke8) 41. Qg4 $14 {[%emt 0:08:32][%cal Of5d6] Nd6+! is the strong threat.} Kd8 42. Qh3 $1 Qe8 {[%emt 0:07:32] Inhibits Qh8.} 43. Qh7 ({White should play} 43. Bh2 $1 $16) 43... Ng5 44. Bxg5 {[%emt 0:02:54] White is more active.} fxg5 {[%emt 0:00:20][%mdl 4096] Endgame KQN-KQN} 45. Qg7 Qe1+ 46. Kh2 Qd2 $1 {[%emt 0:00:06] Strongly threatening ...Qf4+.} 47. Qe7+ Kc7 48. Qd6+ Kd8 49. Ne7 (49. Qxc6 $2 Qf4+ 50. Ng3 Qh4+ 51. Kg1 Qxd4+ 52. Kf1 Qf4+ 53. Ke2 Qxg3 $19) 49... Qxc2 (49... Qf4+ $2 50. Qxf4 gxf4 51. Nxc6+ Ke8 52. Kh3 $18) ({Better is} 49... Qf2 $1 $14 50. Nxc6+ Kc8) 50. Nxc6+ $18 Kc8 51. Ne7+ ({Not} 51. Qxd5 Qh7+ 52. Kg3 (52. Kg1 Qb1+ 53. Kh2 Qh7+ 54. Kg1 Qb1+ 55. Kh2 Qh7+ $16) 52... Qd3+ 53. Qf3 Qh7 $16) 51... Kd8 {[%emt 0:00:02] Threatens to win with ...Qh7+.} 52. Nc6+ $2 ({White has to play} 52. Nxd5 $18 {And now Qe7+ would win.} Qh7+ 53. Kg1 Qb1+ 54. Kf2 (54. Kh2 Qh7+ 55. Kg1 Qb1+ 56. Kf2 Qc2+ 57. Kg1 Qb1+ $16) 54... Qc2+ 55. Kg1 Qb1+ 56. Kf2 (56. Kh2 Qh7+ 57. Kg1 Qb1+ $16) 56... Qc2+ 57. Kf3 Qd1+ 58. Ke3 Qc1+ 59. Kd3 Qf1+ 60. Kc3 Qe1+ 61. Kd3 Qf1+ 62. Kc3 Qe1+ 63. Kc2 Qe2+ 64. Kc3 Qe1+) 52... Kc8 $14 53. Ne7+ $2 (53. Qe6 $14) 53... Kd8 $1 $18 54. Nxd5 {[%emt 0:00:06] Black must now prevent Qe7+.} Qh7+ 55. Kg1 $1 Qb1+ 56. Kh2 $2 (56. Kf2 $1 $18 {Threatening mate with Qe7+.} Qc2+ 57. Ke3 Qc1+ 58. Kd3 Qf1+ 59. Kc3 Qe1+ 60. Kc4 Qe2+ 61. Kc3 Qe1+ 62. Kc2 Qe2+ 63. Kc3 Qe1+) 56... Qh7+ $11 57. Kg1 $2 (57. Kg3 $11 Qf5 58. Kh2) 57... Qb1+ $18 58. Kf2 $1 {[%emt 0:00:01] White wants to mate with Qe7+.} Qc2+ {[%emt 0:00:15] [#]} 59. Ke3 $1 Qc1+ {[%emt 0:00:16] [#]} 60. Kd3 $1 {[%emt 0:00:28] aiming for Qe7+.} Kc8 (60... Qb1+ {is a better defense.} 61. Kc3 Qc1+ 62. Kb3 Qd1+ 63. Ka3 Qd3+ 64. b3 Qb5) 61. Qe6 {[%emt 0:02:01] Hoping for Qe8+.} Qf1+ 62. Kc3 {[%emt 0:00:17] White is winning.} Qc1+ 63. Kb3 Qd1+ 64. Ka3 {[%emt 0:00:16] Qe8+ would kill now.} Qd3+ 65. b3 {[%emt 0:00:03] White threatens Qe8+ and mate.} Qb5 66. Kb2 {[%emt 0:01:16] Weighted Error Value: White=0.23 (precise) /Black=0.15 (very precise)} ({Inferior is} 66. Qd6 Qa5+ 67. Kb2 Qd2+ 68. Kb1 Qd1+ 69. Kb2 Qd2+ 70. Ka3 Qa5+ 71. Kb2 Qd2+ $11) 1-0

[Event "GCT Superbet Romania 2022"]
[Site "Bucharest"]
[Date "2022.05.09"]
[Round "5.5"]
[White "Rapport, Richard"]
[Black "Dominguez Perez, Leinier"]
[Result "1/2-1/2"]
[ECO "C20"]
[WhiteElo "2776"]
[BlackElo "2753"]
[Annotator "TA"]
[PlyCount "100"]
[EventDate "2022.05.05"]
[EventType "tourn"]
[EventCountry "ROU"]
[SourceTitle "playchess.com"]
[Source "ChessBase"]
[SourceQuality "1"]
[TimeControl "40/5400+30:1800+30"]

1. e4 e5 2. Ne2 Nf6 3. d4 exd4 4. e5 {[%emt 0:01:03] [#]} Ne4 $146 ({Predecessor:} 4... Ng4 5. Nxd4 Nxe5 6. Qe2 Qe7 7. f4 Nec6 8. Nb5 Qxe2+ 9. Bxe2 Na6 10. N1c3 Bc5 {0-1 (44) Torngren,G (2243)-Wernberg,H (2208) Helsingborg 2021}) 5. Qxd4 d5 {[%emt 0:00:12] [#] White must now prevent ...Bc5.} 6. exd6 $1 {[%emt 0:00:18] C20: 1 e4 e5: Unusual White second moves.} Nxd6 7. Nbc3 Nc6 {[%emt 0:00:11] Prevents Qe5+.} 8. Qa4 Bd7 9. Bd2 g6 10. O-O-O Bg7 11. Ne4 Nxe4 12. Qxe4+ Qe7 13. Nc3 O-O-O {[%emt 0:00:08] [#] Threatens to win with ...Bxc3.} 14. Qxe7 Nxe7 15. Bc4 Bc6 16. Rhe1 Nd5 {[%emt 0:07:02] The position is equal.} 17. Nb5 Kb8 18. Bg5 Bf6 19. h4 Bxg5+ 20. hxg5 Nb6 21. Bf1 Rxd1+ 22. Rxd1 Nc8 23. Nd4 Bd7 24. Bd3 h5 25. b4 Re8 26. c4 b6 27. f3 c5 28. bxc5 bxc5 29. Nb3 Ba4 30. Kd2 Kc7 31. Rf1 Bxb3 32. axb3 $11 {[%emt 0:00:01][%mdl 4096] Endgame KRB-KRN} a5 33. Ra1 Kb6 34. Be4 Nd6 35. Bd5 Re5 36. f4 Re7 37. Re1 Rxe1 38. Kxe1 {[%emt 0:00:02] KB-KN} Kc7 39. Kd2 Kd7 40. f5 gxf5 {[%emt 0:00:00] Strongly threatening ...Ke7.} 41. Ke3 Ke7 {[%emt 0:00:59] And now ...f6 would win.} 42. Kf4 f6 $1 43. g3 $1 fxg5+ 44. Kxg5 Ne4+ 45. Bxe4 fxe4 {[%emt 0:00:02] KP-KP} 46. Kf4 Kf6 47. Kxe4 {[%emt 0:00:05] aiming for Kd5.} Ke6 48. Kf4 {[%emt 0:00:06] White threatens Kg5 and mate.} Kf6 49. Ke4 {[%emt 0:00:07] Kd5 is the strong threat.} Ke6 50. Kf4 Kf6 $1 {[%emt 0:00:06] Not much happened in this game.  Weighted Error Value: White=0.02 (flawless) /Black=0.02 (flawless)} 1/2-1/2

[Event "GCT Superbet Romania 2022"]
[Site "Bucharest"]
[Date "2022.05.11"]
[Round "6.1"]
[White "So, Wesley"]
[Black "Rapport, Richard"]
[Result "1/2-1/2"]
[ECO "D46"]
[WhiteElo "2766"]
[BlackElo "2776"]
[Annotator "TA"]
[PlyCount "100"]
[EventDate "2022.05.05"]
[EventType "tourn"]
[EventCountry "ROU"]
[SourceTitle "playchess.com"]
[Source "ChessBase"]
[SourceQuality "1"]
[TimeControl "40/5400+30:1800+30"]

1. d4 {[%emt 0:00:08] Lutz,C} d5 2. c4 c6 3. Nc3 Nf6 4. e3 e6 5. Nf3 Nbd7 6. Qc2 Bd6 7. Bd3 O-O 8. O-O dxc4 9. Bxc4 a6 10. a4 c5 11. Rd1 {[%emt 0:00:11] has lost popularity (11.dxc5).} Qc7 {[%emt 0:01:54] has lost popularity (11...cxd4). D46: Semi-Slav: 5 e3 Nbd7 6 Bd3, Black avoids the Meran.} 12. Ne4 Nxe4 13. Qxe4 Nf6 14. Qh4 cxd4 15. Bd3 {[%emt 0:00:11] [#]} e5 $146 ({Predecessor:} 15... h6 16. e4 Nd7 17. Bxh6 gxh6 18. Rac1 Qd8 19. Qxh6 Qf6 20. Qxf6 Nxf6 21. e5 Be7 22. exf6 Bxf6 {0-1 (56) Van Wely,L (2646)-Kasparov,G (2851) Internet 2000 CBM 076 [Lutz,C]}) 16. exd4 e4 17. Bxe4 Nxe4 18. Qxe4 Qd7 19. Bf4 Re8 20. Ne5 Qf5 21. Qxf5 (21. Qd5 {with more complications.} Be6 22. Qxd6 Rad8 23. Qa3) 21... Bxf5 22. Nd3 Bxd3 23. Bxd6 Bc2 24. Rdc1 Rac8 25. a5 f6 26. f3 Bb3 27. Rxc8 Rxc8 $14 {[%emt 0:00:03][%mdl 4096] Endgame KRB-KRB} 28. Re1 Ba4 29. Ba3 Re8 30. Rxe8+ Bxe8 {[%emt 0:00:03] KB-KB} 31. d5 Bf7 32. d6 {[%emt 0:00:04] [#] White threatens d7 and mate.} Be8 33. Kf2 Kf7 34. Ke3 Ke6 35. Kd4 Bc6 36. h4 h5 37. Bb4 Bb5 38. g4 hxg4 39. fxg4 Be2 40. Kc5 Kd7 41. Kb6 Kc8 42. d7+ Kxd7 43. Kxb7 Ke6 44. Bc3 Kf7 45. b4 Bb5 46. h5 Be2 47. Bb2 Bb5 48. Bc3 Be2 49. Bd2 Bb5 50. Bc3 Be2 {[%emt 1:01:03] Weighted Error Value: White=0.06 (flawless) /Black=0.05 (flawless)} 1/2-1/2